 Dungeon Crawl Stone Soup version 0.31-a0-986-g5e6e4ef867 (webtiles) character file.

Game seed: 190327347569407169

103 dialectric the Ruffian (level 4, -2/48 HPs)
             Began as a Demonspawn Shapeshifter on Nov 6, 2023.
             Slain by a goblin
             ... wielding a +0 dagger
             ... led by Robin
              (4 damage)
             ... on level 3 of the Dungeon.
             The game lasted 00:03:03 (1961 turns).

dialectric the Ruffian (Demonspawn Shapeshifter)    Turns: 1961, Time: 00:03:04

Health: -2/48      AC: 22    Str: 16    XL:     4   Next: 51%
Magic:  0/4        EV:  2    Int: 11    God:
Gold:   13         SH:  0    Dex: 13    Spells: 3/3 levels left

rFire   . .          .
                       - Unarmed
rCold   . . .        (no shield)
rNeg    . . .        o - melded +0 leather armour
rPois   +            (helmet currently unavailable)
rElec   .            (cloak currently unavailable)
rCorr   .            (gloves currently unavailable)
SInv    +            (boots currently unavailable)
Will    .....        (no amulet)
Stlth   +            f - +5 ring of evasion
HPRegen 0.28/turn    k - ring of see invisible
MPRegen 0.18/turn

%: guardian spirit
@: tree-form, attractive
A: stationary, stasis, torment immunity, boosted hp, magic shield, magic
regeneration, (fire resistance 1)
a: no special abilities


You were on level 3 of the Dungeon.
You were a tree.
You visited 1 branch of the dungeon, and saw 3 of its levels.

You collected 13 gold pieces.

Inventory:

Missiles
 i - 2 poisoned darts (quivered)
Armour
 a - a +0 animal skin
 l - a +1 hat
 o - a +0 leather armour (melded)
Jewellery
 f - a +5 ring of evasion (left branch)
 k - a ring of see invisible (right branch)
Talismans
 c - a beast talisman
 d - a flux talisman
Scrolls
 e - a scroll of blinking {unknown}
 g - a scroll of identify
 h - a scroll of summoning {unknown}
 j - 2 scrolls of enchant armour
 n - a scroll of vulnerability {unknown}
 p - a scroll of fear {unknown}


   Skills:
 + Level 1.1 Fighting
 + Level 2.3 Dodging
 + Level 0.7 Stealth
 * Level 3.9 Unarmed Combat
 + Level 3.2 Shapeshifting


You had 3 spell levels left.
You didn't know any spells.
Your spell library was empty.

Dungeon Overview and Level Annotations

Branches:
Dungeon (3/15)

Altars:
Xom

Annotations:
D:3 Robin


Innate Abilities, Weirdness & Mutations

You are a tree.
Your roots penetrate the ground, keeping you stationary.
You cannot be teleported.
You are immune to unholy pain and torment.
Your maximum health is greatly increased.
Your equipment is partially melded.
When hurt, damage is shared between your health and your magic reserves.
You regenerate magic rapidly.
((Your flesh is heat resistant. (rF+)))


Message History

The goblin hits you but does no damage. x2
You closely miss the hobgoblin.
The goblin no longer looks unusually strong.
The goblin hits you with a +0 club.
* * * LOW HITPOINT WARNING * * *
The goblin hits you but does no damage. The hobgoblin barely misses you.
The goblin hits you but does no damage. The goblin hits you with a +0 club.
* * * LOW HITPOINT WARNING * * *
You hit the hobgoblin.
The hobgoblin is heavily wounded.
The goblin no longer looks unusually strong.
The goblin barely misses you. x2
The hobgoblin hits you but does no damage.
The goblin hits you but does no damage. x2
You barely miss the hobgoblin.
The hobgoblin is heavily wounded.
The goblin no longer looks unusually strong.
The hobgoblin no longer looks unusually strong.
The goblin hits you with a +0 club.
* * * LOW HITPOINT WARNING * * *
The goblin hits you but does no damage.
The hobgoblin hits you but does no damage.
The goblin hits you but does no damage. x2
You smack the hobgoblin!
You kill the hobgoblin!
The goblin no longer looks unusually strong. x2
The goblin hits you but does no damage.
Robin roars a battlecry!
The goblins go into a battle-frenzy!
The goblin hits you but does no damage. The goblin barely misses you.
The goblin hits you but does no damage.
Unknown command.
You hit the goblin.
The goblin is severely wounded.
The goblin no longer looks unusually strong.
The goblin hits you with a +0 club.
* * * LOW HITPOINT WARNING * * *
Robin hits you but does no damage.
The goblin hits you but does no damage. x2
The goblin hits you with a +0 dagger.
You die...

8#8.....#
.......##
##...'#..#
#........#
#.#.#.#..#
#..g.....#
##.##.#g#g#.#
....=.†ggg..#####
.#..#.#♣#g#......
#....)gg...#####
#.######.### ..
#.# # #.# #.#
####.######
#.........#
#.##.####.#


You could see Robin, a hobgoblin and 7 goblins.

Vanquished Creatures
  An iguana (D:2)
  2 worms (D:2)
  2 dart slugs
  An orc (D:3)
  5 endoplasms
  2 giant cockroaches
  5 goblins
  12 hobgoblins
  7 jackals
  2 kobolds (D:1)
  3 quokkas
  5 ball pythons
  9 bats
  2 frilled lizards
  A rat (D:2)
59 creatures vanquished.

Notes
Turn   | Place    | Note
-------+----------+-------------------------------------------
     0 | D:1      | dialectric the Demonspawn Shapeshifter began the quest for
                  | the Orb.
     0 | D:1      | Reached XP level 1. HP: 15/15 MP: 1/1
   223 | D:1      | Gained mutation: You regenerate magic rapidly. [demonic
                  | ancestry]
   223 | D:1      | Reached XP level 2. HP: 20/21 MP: 2/2
   562 | D:1      | Reached XP level 3. HP: 21/26 MP: 3/3
   738 | D:1      | Found a faded altar of an unknown god.
  1040 | D:2      | Found a shimmering altar of Xom.
  1283 | D:2      | Gained mutation: Your flesh is heat resistant. (rF+)
                  | [potion of mutation]
  1291 | D:2      | Gained mutation: When hurt, damage is shared between your
                  | health and your magic reserves. [demonic ancestry]
  1291 | D:2      | Reached XP level 4. HP: 8/32 MP: 4/4
  1938 | D:3      | Noticed Robin
  1961 | D:3      | HP: 2/48 [goblin/+0 club[Robin] (3)]
  1961 | D:3      | Slain by a goblin

Illustrated notes

Levels and vault maps discovered:
D:1:      lemuel_arrival_funnel, layout_basic,
          hellmonk_ecumenical_altar_leap_of_faith, minmay_octomino_e4
D:2:      layout_basic, basic_altar
D:3:      layout_loops_corners, grunt_temple_overflow_open, serial_glass,
          glass_columns_a, glass_columns_b, minmay_statues_item,
          hangedman_abyss_or_decor_lesser_grid, uniq_jessica, uniq_natasha,
          uniq_robin, uniq_sigmund

Skill      XL: |  1  2 |
---------------+-------+-----
Unarmed Combat | 3 |  3.9
Shapeshifting  | 3 |  3.2
Dodging        | 2 |  2.3
Fighting       | |  1.1
Stealth        | |  0.7

Action                     |  1- 3 |  4- 6 || total
---------------------------+-------+-------++-------
  Melee: Unarmed           |   117 |    59 ||   176
         Punch             |     2 |       ||     2
    Use: Potion            |     1 |     2 ||     3
         Scroll            |       |     1 ||     1
   Stab: Sleeping          |     2 |     1 ||     3
 Armour: Animal skin       |    75 |     9 ||    84
         Skin              |       |    69 ||    69
         Leather armour    |       |    13 ||    13
  Dodge: Dodged            |   105 |    48 ||   153

Table legend: (Time is in decaauts)
 A = Elapsed time spent in this place.
 B = Non-inter-level travel time spent in this place.
 C = Inter-level travel time spent in this place.
 D = Time resting spent in this place.
 E = Time spent auto-exploring this place.
 F = Levels seen in this place.
 G = Mean time per level.
                   A        B        C        D        E       F      G
               +--------+--------+--------+--------+--------+-----+--------+
         Total |   1949 |   1879 |     70 |      0 |   1421 |   3 |  649.7 |
       Dungeon |   1949 |   1879 |     70 |      0 |   1421 |   3 |  649.7 |
               +--------+--------+--------+--------+--------+-----+--------+

Top non-repeatable levels by time:
     D:2: 943 daAuts
     D:1: 902 daAuts
     D:3: 104 daAuts
